 Dungeon Crawl Stone Soup version 0.30.0-5-g1a98f26d00 (webtiles) character file.

Game seed: 119926920515605906

785 Pimp the Skirmisher (level 7, -6/41 HPs)
             Began as a Deep Elf Hunter on May 11, 2023.
             Was an Initiate of Hepliaklqana.
             Mangled by a gnoll
             ... wielding a +0 flail
             ... led by a gnoll bouda
              (14 damage)
             ... on level 5 of the Dungeon.
             The game lasted 00:09:43 (4657 turns).

Pimp the Skirmisher (Deep Elf Hunter)               Turns: 4657, Time: 00:09:44

Health: -6/41      AC:  4    Str:  7    XL:     7   Next: 56%
Magic:  9/9        EV: 16    Int: 13    God:    Hepliaklqana [......]
Gold:   150        SH:  0    Dex: 24    Spells: 6/6 levels left

rFire   . . .        g - +2 arbalest (drain)
rCold   . . .        (shield currently unavailable)
rNeg    . . .        c - +1 leather armour
rPois   .            (no helmet)
rElec   .            (no cloak)
rCorr   .            (no gloves)
SInv    .            (no boots)
Will    .....        (no amulet)
Stlth   ++           (no ring)
HPRegen 0.26/turn    (no ring)
MPRegen 0.11/turn

%: clarity
@: no status effects
A: talons 1, agile 1, clarity
a: Renounce Religion


You were on level 5 of the Dungeon.
You worshipped Hepliaklqana.
Hepliaklqana was noncommittal.
You visited 2 branches of the dungeon, and saw 7 of its levels.

You collected 277 gold pieces.
You spent 127 gold pieces at shops.

Inventory:

Hand Weapons
 a - a +0 shortbow
 d - a +0 heavy mace
 g - a +2 arbalest of draining (weapon)
Armour
 c - a +1 leather armour (worn)
Jewellery
 f - a ring of wizardry
Wands
 l - a wand of mindburst (2)
Scrolls
 b - 2 scrolls of immolation
 h - 2 scrolls of identify
 j - a scroll of teleportation
 m - a scroll of enchant weapon {unknown}
Potions
 e - 4 potions of attraction
 i - a potion of ambrosia
 k - a potion of resistance
 n - a potion of flight {unknown}
 p - a potion of might


   Skills:
 + Level 3.4 Fighting
 * Level 8.7 Ranged Weapons
 * Level 6.8 Dodging
 - Level 1.5 Stealth


You had 6 spell levels left.
You didn't know any spells.
Your spell library contained the following spells:

 Spells                   Type           Power      Damage    Failure   Level
 Foxfire                  Conj/Fire      0%         2x1d4     43%         1
 Ensorcelled Hibernation  Hex/Ice        0%         N/A       56%         2
 Passwall                 Tmut/Erth      0%         N/A       56%         2
 Swiftness                Air            0%         N/A       80%         3
 Fireball                 Conj/Fire      0%         3d3       100%        5
 Plasma Beam              Fire/Air       0%         2x1d11    100%        6
 Starburst                Conj/Fire      0%         6d3       100%        6


Dungeon Overview and Level Annotations

Branches:
Dungeon (6/15)             Temple (1/1) D:4

Altars:
Ashenzari
Dithmenos
Elyvilon
Hepliaklqana
Kikubaaqudgha
Trog
Uskayaw
Wu Jian
Yredelemnul

Shops:
D:1 (   D:4 *[

Annotations:
D:3 1 runed translucent door, Crazy Yiuf
D:5 Eustachio


Innate Abilities, Weirdness & Mutations

You have sharp toenails.
You are agile. (Dex +4, Str/Int -1)
You possess an exceptional clarity of mind.


Message History

You shoot a bolt.
Natasha hisses angrily.
The bolt hits Natasha!!
You kill Natasha!
You feel Natasha's spirit has finally been put to rest.
n - a lumpy clear potion You see here the felid corpse of Natasha.
You see here a +4 dagger.
There is a stone staircase leading down here.
You open the door.
There is an open door here.
Done exploring.
Done exploring.
There is an open door here.
There is a stone staircase leading down here.
You climb downwards.
Level annotation: Eustachio The bullfrog hits you.
The bullfrog closely misses you.
The gnoll drinks a potion.
The gnoll goes berserk!
There is a stone staircase leading up, spattered with blood here.
You shoot a bolt. The bolt hits the bullfrog!
The bullfrog is severely wounded.
The bullfrog hits you. The gnoll hits you with a +0 flail.
The bullfrog misses you. The gnoll hits you with a +0 flail!
The bullfrog barely misses you.
You are too injured to fight recklessly!
Unknown command.
The gnoll barely misses you.
The gnoll rages.
The bullfrog completely misses you.
You are too injured to fight recklessly!
Fire: g) +2 arbalest (drain)
Press: ? - help, Q - select action, (/) - cycle Shift-Dir - straight line, f - gnoll, p - bullfrog
Aim: a gnoll, wielding a +0 flail and wearing a +4 ring of protection (berserk, 70% to hit)
You shoot a bolt. The bolt hits the gnoll.
The gnoll is lightly wounded.
The gnoll barely misses you. The bullfrog hits you!
* * * LOW HITPOINT WARNING * * *
The gnoll hits you with a +0 flail!
You die...

##).# ##.####.## #..# *,
....# ##.## #...# #..# *,
..).#####.## #...## #..# **
.....##...# #....## ##..# *
...####..## #.....####...#
..## ##..## #...........##
..# ##..# #.<.######### ..#
#..####gF.# ..#
##..##...@.# ***** ..#
##..###.....#******,,,*****
..## ##.###
#.......,,,,,,,,,,,,,
...###.##
#......##****,,,,,***
......## #.....## *******
####### #.....# # #.....#**
*#......,* ***,,,,,,,**


You could see a bullfrog and a gnoll (berserk).

Vanquished Creatures
  A water moccasin (D:5)
  2 ogres (D:5)
  A phantom (D:5)
  A scorpion (D:5)
  A hound (D:4)
  A gnoll bouda (D:4)
  Natasha (thrice) (D:4)
  An iguana (D:5)
  An orc wizard (D:5)
  Robin (D:4)
  3 adders
  3 gnolls (D:4)
  4 dart slugs
  18 orcs
  3 endoplasms
  16 goblins
  14 hobgoblins
  4 quokkas
  8 ball pythons
  9 bats
  4 frilled lizards
  6 kobolds
  5 rats
110 creatures vanquished.

Notes
Turn   | Place    | Note
-------+----------+-------------------------------------------
     0 | D:1      | Pimp the Deep Elf Hunter began the quest for the Orb.
     0 | D:1      | Reached XP level 1. HP: 12/12 MP: 3/3
   138 | D:1      | You fall into a shaft and drop 1 floor!
   161 | D:1      | Found a faded altar of an unknown god.
   192 | D:1      | Found Lonlam's Antique Weapon Boutique.
   429 | D:1      | Reached XP level 2. HP: 17/17 MP: 4/4
  1004 | D:2      | Reached XP level 3. HP: 21/21 MP: 5/5
  1632 | D:3      | Found a white marble altar of Elyvilon.
  1693 | D:3      | Found a basalt altar of Yredelemnul.
  1719 | D:3      | Reached skill level 6 in Ranged Weapons
  1908 | D:3      | Found a runed translucent door.
  1909 | D:3      | Noticed Crazy Yiuf
  1941 | D:3      | Reached XP level 4. HP: 26/26 MP: 6/6
  2520 | D:4      | Found Olue's Armour Shop.
  2572 | D:5      | Entered Level 5 of the Dungeon
  2572 | D:5      | Noticed Eustachio
  2572 | D:5      | Noticed an ogre
  2577 | D:5      | HP: 1/26 [gnoll/+0 flail[a gnoll bouda] (6)]
  2777 | D:5      | Noticed a phantom
  2786 | D:5      | Killed a phantom
  2787 | D:5      | Reached skill level 7 in Ranged Weapons
  2787 | D:5      | Reached XP level 5. HP: 26/31 MP: 7/7
  3102 | D:5      | Reached skill level 5 in Dodging
  3165 | D:5      | Noticed an ogre
  3172 | D:5      | Killed an ogre
  3173 | D:5      | Reached XP level 6. HP: 20/36 MP: 8/8
  3245 | D:5      | Noticed a water moccasin
  3257 | D:5      | Gained mutation: You possess an exceptional clarity of
                  | mind. [potion of mutation]
  3257 | D:5      | Gained mutation: You have sharp toenails. [potion of
                  | mutation]
  3257 | D:5      | Gained mutation: You are agile. (Dex +4, Str/Int -1)
                  | [potion of mutation]
  3266 | D:5      | Killed a water moccasin
  3439 | D:5      | Reached skill level 8 in Ranged Weapons
  3442 | D:5      | Reached XP level 7. HP: 37/41 MP: 9/9
  4071 | D:1      | Bought a runed arbalest for 127 gold pieces
  4274 | D:4      | Noticed Natasha
  4278 | D:4      | Killed Natasha
  4304 | D:4      | Noticed Natasha
  4311 | D:4      | Killed Natasha
  4365 | D:4      | Noticed Robin
  4367 | D:4      | Killed Robin
  4465 | D:4      | Found Duyfon's Gadget Gallery.
  4489 | D:4      | Found a staircase to the Ecumenical Temple.
  4499 | Temple   | Entered the Ecumenical Temple
  4535 | Temple   | Became a worshipper of Hepliaklqana the Forgotten
  4614 | D:4      | Noticed Natasha
  4615 | D:4      | Killed Natasha
  4657 | D:5      | Mangled by a gnoll

Illustrated notes

Levels and vault maps discovered:
D:1:      minmay_arrival_stair_chambers, layout_rooms,
          hellmonk_ecumenical_altar_heavens_door, serial_shops, shop,
          roderic_serpentine_path, kennysheep_crisscross
D:2:      minmay_angry_zag, layout_loops_corners
D:3:      layout_loops_cross, kennysheep_ying_yang, uniq_crazy_yiuf_cottage
D:4:      layout_basic, minmay_temple_entry_fiery, serial_shops,
          nicolae_shop_tiny_statue_garden, nicolae_shop_gadgets, uniq_robin,
          uniq_natasha
D:5:      layout_layer_cave, glass_columns_a, uniq_eustachio
D:6:      layout_basic, vehumet_statue
Temple:   jpeg_temple_clearing

Skill      XL: |  1  2  3  4  5  6 |
---------------+-------------------+-----
Dodging        | 3 4 5 6 |  6.8
Fighting       | 2 3 |  3.4
Ranged Weapons | 6 7 8 |  8.7
Stealth        | |  1.5

Action                     |  1- 3 |  4- 6 |  7- 9 || total
---------------------------+-------+-------+-------++-------
  Melee: Shortbow          |       |     2 |       ||     2
   Fire: Shortbow          |   122 |   105 |    32 ||   259
         Arbalest          |       |       |    49 ||    49
    Use: Scroll            |     1 |     7 |     2 ||    10
         Potion            |     1 |     6 |       ||     7
 Armour: Leather armour    |    14 |     9 |     9 ||    32
  Dodge: Dodged            |    40 |    48 |    61 ||   149
